AoeStats
← Reis

Socotra

507015893Analyzed
4v4 RM · 17d ago on Sep 16, 2026· 45m 39s· 8 players
Game mode
Random Map
Map size
148×148
Population
200
Speed
Normal
Resources
Standard
Victory
Conquest
Starting age
Dark Age
Ending age
Imperial Age
RankedLock teamsTeams togetherTeam positionsShared explorationLock speedFull tech treeHidden civsTurbo modeCheats
Victory
Defeat
🇬🇧 Goths · United Kingdom
1362
+16
🇭🇰 Maya · Hong Kong SAR China
1358
+16
🇨🇳 Magyars · China
1347
+16
🇳🇿 Aztecs · New Zealand
1341
+16
🇺🇸 Jurchens · United States
1459
-21
🇺🇸 Sicilians · United States
1331
-15
🇨🇭 Bulgarians · Switzerland
1314
-14
🇹🇷 Sicilians · Türkiye
1312
-14
monk_enthusiast
0:50 Loom
11:17 Feudal Age
11:19 Man-at-Arms
12:10 Double-Bit Axe
13:30 Horse Collar
18:31 Scale Mail Armor
20:34 Castle Age
18:47 Forging
18:38 Scale Mail Armor
20:42 Castle Age
19:21 Scale Mail Armor
21:52 Chain Mail Armor
22:15 Gold Mining
22:30 Squires
23:23 Pikeman
24:12 Eagle Warrior
25:57 Forging
32:34 Gold Shaft Mining
31:49 Stone Mining
37:40 Imperial Age
34:57 Town Watch
38:23 Iron Casting
37:41 Onager
38:48 Siege Engineers
41:43 Plate Mail Armor
43:20 Wheelbarrow
darkwwww2015
1:54 Loom
16:50 Feudal Age
21:06 Double-Bit Axe
25:10 Horse Collar
mia
动车的车头
0:27 Loom
9:27 Feudal Age
10:06 Double-Bit Axe
13:28 Fletching
14:50 Town Watch
16:09 Wheelbarrow
16:16 Padded Archer Armor
21:29 Castle Age
20:09 Horse Collar
20:19 Gold Mining
21:43 Crossbowman
22:31 Bodkin Arrow
22:47 Bow Saw
25:16 Leather Archer Armor
28:00 Heavy Plow
28:25 Gold Mining
28:26 Stone Mining
29:40 Hand Cart
30:15 Stone Mining
31:23 Ballistics
35:46 Imperial Age
33:44 Eagle Warrior
34:10 Arson
34:27 Scale Mail Armor
34:37 Forging
35:10 Stone Shaft Mining
35:22 Thumb Ring
36:33 Bracer
37:21 Ring Archer Armor
38:15 Chemistry
37:17 Treadmill Crane
37:48 Masonry
39:42 Iron Casting
39:40 Conscription
41:26 Architecture
40:34 Elite Plumed Archer
42:39 Squires
42:06 Elite Eagle Warrior
46:11 Two-Man Saw
45:41 Crop Rotation
46:15 Hoardings
DEMLOUDBOYZ
9:03 Feudal Age
9:35 Double-Bit Axe
10:56 Loom
13:48 Scale Barding Armor
20:47 Bloodlines
25:17 Castle Age
24:01 Horse Collar
24:51 Fletching
27:10 Husbandry
SAMOAN SHOTGUN
Reis
3:51 Loom
C42
9:17 Loom
11:02 Feudal Age
12:11 Double-Bit Axe
14:00 Horse Collar
21:01 Castle Age
22:40 Wheelbarrow
21:51 Town Watch
22:16 Bow Saw
22:07 Heavy Plow
23:57 Scale Mail Armor
28:15 Gold Mining
33:22 Stone Mining
33:22 Arson
33:39 Squires
33:24 Gambesons
35:03 Ballistics
35:11 Chain Mail Armor
37:09 Gold Shaft Mining
37:08 Forging
41:15 Imperial Age
40:36 Iron Casting
41:20 Elite Serjeant
42:54 Plate Mail Armor
43:23 Siege Engineers
43:53 Heavy Scorpion
Connection lost

Rejoining the realm…

Still unreachable

The connection could not be restored.

Session expired

The server has moved on; the page needs a fresh start.